 Dungeon Crawl Stone Soup version 0.26.1-11-gd32895ea62 (webtiles) character file.

Game seed: 18175404160613666171

735 Exodus22XD the Chopper (level 7, -2/61 HPs)
             Began as a Hill Orc Monk on Apr 27, 2021.
             Was a Believer of Beogh.
             Slain by a worker ant zombie (4 damage)
             ... on level 5 of the Dungeon.
             The game lasted 00:06:14 (5442 turns).

Exodus22XD the Chopper (Hill Orc Monk)              Turns: 5442, Time: 00:06:15

Health: -2/61      AC: 16    Str: 16    XL:     7   Next: 74%
Magic:  8/8        EV: 10    Int: 10    God:    Beogh [**....]
Gold:   188        SH:  0    Dex: 13    Spells: 6/6 levels left

rFire    . . .     SeeInvis .   a - +0 hand axe
rCold    . . .     Faith    .   (no shield)
rNeg     . . .     Spirit   .   i - +0 scale mail
rPois    .         Reflect  .   g - +0 helmet
rElec    .         Harm     .   (no cloak)
rCorr    .         Rampage  .   (no gloves)
Will     .....                  (no boots)
Stlth    ..........             (no amulet)
HPRegen  0.20/turn              s - +4 ring of protection
MPRegen  0.11/turn              u - +4 ring of protection

@: no status effects
A: no striking features
a: Renounce Religion, Smiting


You were on level 5 of the Dungeon.
You worshipped Beogh.
Beogh was pleased with you.
You visited 1 branch of the dungeon, and saw 5 of its levels.

You collected 188 gold pieces.

Inventory:

Hand Weapons
 a - a +0 hand axe (weapon)
 f - a +2 whip of pain
Armour
 g - a +0 helmet (worn)
 i - a +0 scale mail (worn)
Jewellery
 b - an uncursed ring of ice
 q - an uncursed ring of protection from fire
 s - a +4 ring of protection (left hand)
 u - a +4 ring of protection (right hand)
Wands
 n - a wand of digging (1)
Scrolls
 d - 2 scrolls of magic mapping
 h - 3 scrolls of teleportation
 l - a scroll of blinking {unknown}
 m - 3 scrolls of enchant armour
 o - 2 scrolls of fear {unknown}
 p - a scroll of noise {unknown}
Potions
 c - a potion of lignification {unknown}
 e - a potion of curing
 j - a potion of attraction
 r - a potion of invisibility {unknown}
 t - a potion of brilliance {unknown}
 v - a potion of magic {unknown}


   Skills:
 + Level 5.5 Fighting
 + Level 7.6 Axes
 * Level 5.7 Armour
 - Level 2.4 Dodging
 - Level 1.5 Stealth
 * Level 1.7 Invocations


You had 6 spell levels left.
You didn't know any spells.
Your spell library was empty.

Dungeon Overview and Level Annotations

Branches:
Dungeon (5/15)
 Temple: D:4-7

Altars:
Gozag
Uskayaw
Xom

Shops:
D:4 (


Message History

You hit the orc priest.
The orc priest is lightly wounded.
You closely miss the orc. You barely miss the bullfrog zombie.
The orc barely misses you.
The orc priest hits you with a +0 dagger.
* * * LOW HITPOINT WARNING * * *
The bullfrog zombie hits you but does no damage.
As you read the scroll of teleportation, it crumbles to dust.
You feel strangely unstable. The orc barely misses you.
The bullfrog zombie misses you. The orc hits you but does no damage.
The orc priest hits you but does no damage.
Your surroundings suddenly seem different.
An orc priest comes into view. It is wielding a +0 club.
The orc priest shouts!
You hear a shout!
A giant cockroach comes into view.
A worker ant zombie comes into view.
An orc comes into view. It is wielding a +0 flail.
The giant cockroach bites you but does no damage.
Found a long sword.
The giant cockroach closely misses you. The worker ant zombie bites you.
You die...

.... #..#....
....###..#....
#...........
#.........#
..#........#
...........# .
#....Z..##....
#@......o..
#B##.#..o..
.... #.. ##.
....)## ...#
........ .##
........ .#
.......# .
.......# .#


You could see an orc priest, an orc, a worker ant zombie and a giant cockroach.

Vanquished Creatures
  Sigmund (D:2)
  An ogre (D:4)
  A quasit (D:4)
  A hound (D:4)
  An orc wizard (D:4)
  An iguana (D:4)
  Natasha (thrice) (D:2)
  2 worker ants (D:4)
  A hound skeleton (D:4)
  8 gnolls
  7 adders
  An ooze (D:1)
  2 worms
  5 dart slugs
  2 leopard geckos (D:2)
  7 orcs
  9 bats
  10 giant cockroaches
  3 goblins
  7 hobgoblins
  5 jackals (D:1)
  2 quokkas (D:3)
  2 ball pythons (D:2)
  A ball python skeleton (D:4)
  6 frilled lizards
  11 kobolds
  A quokka skeleton (D:5)
  8 rats
109 creatures vanquished.

Vanquished Creatures (others)
  An orc priest (D:4)
1 creature vanquished.

Grand Total: 110 creatures vanquished

Notes
Turn   | Place    | Note
-------+----------+-------------------------------------------
     0 | D:1      | Exodus22XD the Hill Orc Monk began the quest for the Orb.
     0 | D:1      | Reached XP level 1. HP: 19/19 MP: 1/1
   423 | D:1      | Reached XP level 2. HP: 18/27 MP: 2/2
   703 | D:1      | Reached skill level 1 in Armour
   865 | D:1      | Reached XP level 3. HP: 33/33 MP: 3/3
  1399 | D:2      | Found a hide-covered altar of Uskayaw.
  1431 | D:2      | Noticed Natasha
  1441 | D:2      | Killed Natasha
  1442 | D:2      | Reached skill level 5 in Axes
  1442 | D:2      | Reached XP level 4. HP: 22/41 MP: 4/4
  1660 | D:2      | Noticed Sigmund
  2144 | D:3      | Reached XP level 5. HP: 33/47 MP: 5/5
  2482 | D:2      | Noticed Natasha
  2506 | D:2      | Killed Natasha
  2700 | D:2      | Noticed Natasha
  2708 | D:2      | Killed Natasha
  2709 | D:2      | Reached skill level 6 in Axes
  2985 | D:3      | Found a shimmering altar of Xom.
  2985 | D:3      | Found a shimmering altar of Xom.
  3008 | D:3      | Found a shimmering altar of Xom.
  3440 | D:2      | Reached XP level 6. HP: 45/55 MP: 6/6
  3616 | D:2      | Killed Sigmund
  3617 | D:2      | Reached skill level 5 in Fighting
  4283 | D:4      | Reached skill level 7 in Axes
  4283 | D:4      | Reached XP level 7. HP: 51/61 MP: 7/7
  4410 | D:4      | Became a worshipper of Beogh the Brigand
  4410 | D:4      | Reached * piety under Beogh
  4410 | D:4      | Reached ** piety under Beogh
  4425 | D:4      | Reached skill level 5 in Armour
  4780 | D:4      | Found an opulent altar of Gozag.
  4883 | D:4      | Found Maihus's Weapon Shop.
  4910 | D:4      | Reached skill level 1 in Invocations
  5424 | D:5      | Entered Level 5 of the Dungeon
  5437 | D:5      | HP: 1/61 [orc priest/+0 dagger (4)]
  5442 | D:5      | Slain by a worker ant zombie

Illustrated notes

Levels and vault maps discovered:
D:1:      dpeg_arrival_pits, layout_basic, minmay_3d_cube
D:2:      layout_basic, old_standard_altar, st_stairs_3, uniq_natasha,
          uniq_sigmund
D:3:      layout_basic, xom_redecorated, grunt_ministairs_4
D:4:      layout_layer_cave, pdpol_temple_overflow_zin_treasury_gozag_greed,
          serial_shops, shop_statue, chequers_serial_rivers_micro_e,
          dk_noncrumbling_3
D:5:      layout_cave_pools

Skill      XL: |  1  2  3  4  5  6  7 |
---------------+----------------------+-----
Fighting       | 4 5 |  5.5
Armour         | 1 2 3 4 5 |  5.7
Axes           | 5 6 7 |  7.6
Invocations    | 1 |  1.7
Dodging        | |  2.4
Stealth        | |  1.5

Action                   |  1- 3 |  4- 6 |  7- 9 || total
-------------------------+-------+-------+-------++-------
Melee: Hand axe          |   115 |   276 |   119 ||   510
Invok: Convert to Beogh  |       |       |     1 ||     1
  Use: Scroll            |     1 |       |     6 ||     7
       Potion            |       |     2 |     2 ||     4
 Stab: Sleeping          |     2 |       |       ||     2
Armor: Robe              |    12 |       |       ||    12
       Scale mail        |    18 |   108 |    72 ||   198
Dodge: Dodged            |    76 |   167 |   106 ||   349
